General information
- name: BNet
- type: Ladder team game (AT/RT)
- host: Battle.net
- saver: sc2no.wc4yes
map: FullScaleAssault
- players: 8
- length: 49:59
- speed: Fast
- version: 1.26 W3XP
- replay type: Public
» download(340 KB)
Players
team 1 (winner)
Sugu] (
green | 47 APM | 2365 actions | 49:58)
7 Blademaster
3 Wind Walk
3 Critical Strike
1 Bladestorm
5 Tauren Chieftain
2 Endurance Aura
3 War Stomp
5 Shadow Hunter
3 Hex
2 Healing Wave
» actions
| Assign group hotkey | 17 | |
| Basic commands | 2 | |
| Build / train | 128 | |
| Enter build submenu | 20 | |
| Enter hero's abilities submenu | 18 | |
| Give item / drop item | 7 | |
| Remove unit from queue | 2 | |
| Right click | 1274 | |
| Select / deselect | 497 | |
| Select group hotkey | 5 | |
| Use ability | 395 | |
2365 total
» units
| Peon | 10 | |
| Troll Batrider | 34 | |
| Goblin Sapper | 1 | |
| Goblin Zeppelin | 1 | |
| Spirit Walker | 1 | |
| Raider | 2 | |
49 total
» upgrades
| Armor | 3 | |
| Liquid Fire | 1 | |
| Reinforced Defenses | 1 | |
| Envenomed Spears | 1 | |
| Ranged Weapons | 2 | |
| Spirit Walker Training | 1 | |
| Ensnare | 1 | |
10 total
» buildings
| Orc Burrow | 6 | |
| Altar of Storms | 1 | |
| Voodoo Lounge | 2 | |
| War Mill | 1 | |
| Stronghold | 2 | |
| Fortress | 3 | |
| Beastiary | 3 | |
| Watch Tower | 13 | |
| Great Hall | 1 | |
| Spirit Lodge | 1 | |
33 total
» build order
00:17 Orc Burrow
00:20 Altar of Storms
01:23 Voodoo Lounge
02:11 Orc Burrow
02:37 Voodoo Lounge
02:44 War Mill
03:16 Stronghold
03:17 Stronghold
05:19 Orc Burrow
05:24 Orc Burrow
05:58 Fortress
05:58 Fortress
06:06 Beastiary
06:10 Beastiary
17:17 Watch Tower
17:17 Watch Tower
17:18 Watch Tower
17:19 Watch Tower
17:20 Watch Tower
18:25 Watch Tower
18:26 Watch Tower
18:31 Beastiary
19:36 Watch Tower
19:37 Watch Tower
19:44 Great Hall
19:47 Watch Tower
19:50 Watch Tower
21:49 Watch Tower
21:49 Watch Tower
27:06 Orc Burrow
27:12 Orc Burrow
39:53 Spirit Lodge
» items
| Healing Salve | 4 | |
| Lesser Clarity Potion | 12 | |
| Scroll of Speed | 1 | |
| Boots of Speed | 2 | |
| Orb of Lightning | 3 | |
| Potion of Healing | 2 | |
| Staff of Sanctuary | 1 | |
| Scroll of Town Portal | 1 | |
| Potion of Lesser Invulnerability | 3 | |
| Potion of Mana | 1 | |
30 total

»
sc2no.wc4yes (
purple | 64 APM | 3192 actions | 49:59)
10 Pit Lord
3 Rain of Fire
3 Cleaving Attack
1 Doom
3 Howl of Terror
» actions
| Assign group hotkey | 87 | |
| Basic commands | 120 | |
| Build / train | 173 | |
| ESC pressed | 3 | |
| Enter build submenu | 67 | |
| Enter hero's abilities submenu | 10 | |
| Give item / drop item | 9 | |
| Right click | 1021 | |
| Select / deselect | 443 | |
| Select group hotkey | 846 | |
| Use ability | 413 | |
3192 total
» units
| Peasant | 29 | |
| Goblin Shredder | 2 | |
| Goblin Sapper | 4 | |
| Goblin Zeppelin | 1 | |
| Gryphon Rider | 3 | |
| Dragonhawk Rider | 10 | |
49 total
» upgrades
| Masonry | 3 | |
| Magic Sentry | 1 | |
| Lumber Harvesting | 1 | |
| Armor | 3 | |
| Swords | 3 | |
| Storm Hammers | 1 | |
| Cloud | 1 | |
| Animal War Training | 1 | |
14 total
» buildings
| Altar of Kings | 1 | |
| Farm | 12 | |
| Lumber Mill | 1 | |
| Scout Tower | 152 | |
| Town Hall | 1 | |
| Arcane Tower | 4 | |
| Guard Tower | 57 | |
| Keep | 1 | |
| Arcane Sanctum | 1 | |
| Castle | 1 | |
| Arcane Vault | 1 | |
| Blacksmith | 2 | |
| Gryphon Aviary | 7 | |
| Barracks | 1 | |
242 total
» build order
00:15 Altar of Kings
00:18 Farm
00:52 Farm
01:24 Lumber Mill
01:27 Farm
01:53 Farm
02:03 Farm
02:32 Scout Tower
02:36 Farm
02:47 Farm
04:37 Town Hall
04:38 Scout Tower
04:39 Scout Tower
04:39 Scout Tower
04:40 Scout Tower
04:44 Arcane Tower
05:49 Guard Tower
06:01 Guard Tower
06:01 Guard Tower
06:02 Guard Tower
06:05 Guard Tower
06:05 Guard Tower
06:06 Guard Tower
06:28 Scout Tower
06:29 Scout Tower
06:29 Scout Tower
06:30 Scout Tower
06:33 Scout Tower
06:42 Keep
06:47 Scout Tower
06:48 Scout Tower
06:48 Scout Tower
06:57 Guard Tower
06:58 Scout Tower
06:59 Scout Tower
06:59 Scout Tower
06:59 Scout Tower
07:00 Scout Tower
07:04 Scout Tower
07:04 Scout Tower
07:04 Scout Tower
07:05 Scout Tower
07:05 Scout Tower
07:29 Guard Tower
07:35 Guard Tower
07:35 Guard Tower
07:46 Guard Tower
07:50 Guard Tower
07:53 Scout Tower
07:54 Scout Tower
07:54 Scout Tower
07:54 Scout Tower
07:56 Arcane Tower
08:05 Scout Tower
08:06 Scout Tower
08:26 Arcane Tower
08:30 Guard Tower
08:30 Guard Tower
08:30 Guard Tower
08:32 Guard Tower
08:40 Guard Tower
08:40 Guard Tower
08:49 Scout Tower
08:51 Guard Tower
09:19 Arcane Sanctum
09:22 Guard Tower
09:46 Scout Tower
09:47 Scout Tower
09:47 Scout Tower
09:48 Scout Tower
09:48 Scout Tower
10:12 Castle
10:23 Scout Tower
10:23 Scout Tower
10:23 Scout Tower
10:24 Scout Tower
10:24 Scout Tower
10:24 Scout Tower
10:26 Guard Tower
10:28 Guard Tower
10:28 Guard Tower
10:28 Guard Tower
11:10 Guard Tower
11:31 Guard Tower
11:33 Scout Tower
11:33 Scout Tower
11:33 Scout Tower
11:34 Scout Tower
11:34 Scout Tower
11:36 Scout Tower
11:36 Scout Tower
11:36 Scout Tower
11:36 Scout Tower
11:42 Scout Tower
11:42 Scout Tower
11:42 Scout Tower
11:43 Scout Tower
11:44 Scout Tower
11:44 Scout Tower
11:46 Scout Tower
11:46 Scout Tower
11:47 Scout Tower
11:47 Scout Tower
11:49 Scout Tower
11:49 Scout Tower
11:49 Scout Tower
11:50 Scout Tower
11:51 Scout Tower
11:52 Scout Tower
11:52 Scout Tower
11:52 Scout Tower
11:53 Scout Tower
11:53 Scout Tower
11:53 Scout Tower
11:54 Scout Tower
11:55 Scout Tower
11:55 Scout Tower
11:55 Scout Tower
11:56 Scout Tower
12:31 Guard Tower
12:39 Guard Tower
12:43 Guard Tower
12:44 Guard Tower
13:05 Guard Tower
13:24 Guard Tower
13:26 Guard Tower
13:27 Guard Tower
13:29 Guard Tower
13:56 Guard Tower
14:59 Guard Tower
15:25 Guard Tower
15:30 Scout Tower
15:30 Scout Tower
15:30 Scout Tower
15:32 Scout Tower
15:32 Scout Tower
15:32 Scout Tower
15:33 Scout Tower
15:33 Scout Tower
15:33 Scout Tower
15:34 Scout Tower
15:35 Scout Tower
15:35 Scout Tower
15:36 Scout Tower
15:36 Scout Tower
15:37 Scout Tower
15:40 Farm
15:45 Arcane Tower
15:49 Guard Tower
16:00 Guard Tower
16:19 Guard Tower
16:47 Guard Tower
17:34 Guard Tower
17:35 Scout Tower
17:36 Scout Tower
17:37 Scout Tower
17:37 Scout Tower
17:38 Scout Tower
17:38 Scout Tower
17:39 Scout Tower
17:39 Scout Tower
17:39 Scout Tower
17:40 Scout Tower
17:40 Scout Tower
18:13 Guard Tower
18:55 Guard Tower
18:55 Guard Tower
18:58 Scout Tower
18:58 Scout Tower
18:59 Scout Tower
19:00 Scout Tower
19:01 Scout Tower
19:02 Scout Tower
19:02 Scout Tower
19:03 Scout Tower
21:24 Arcane Vault
22:10 Guard Tower
22:13 Guard Tower
22:27 Scout Tower
22:28 Scout Tower
22:28 Scout Tower
22:28 Scout Tower
22:29 Scout Tower
22:29 Scout Tower
22:30 Scout Tower
22:30 Scout Tower
22:30 Scout Tower
23:09 Scout Tower
23:10 Scout Tower
23:10 Scout Tower
23:10 Scout Tower
23:11 Scout Tower
23:11 Scout Tower
23:12 Scout Tower
23:12 Scout Tower
23:12 Scout Tower
23:13 Scout Tower
23:20 Scout Tower
23:21 Scout Tower
23:21 Scout Tower
25:01 Guard Tower
26:23 Guard Tower
26:25 Guard Tower
26:33 Scout Tower
26:33 Scout Tower
26:34 Scout Tower
26:34 Scout Tower
26:35 Scout Tower
26:36 Scout Tower
27:03 Guard Tower
27:12 Blacksmith
27:12 Blacksmith
28:10 Farm
29:55 Gryphon Aviary
29:56 Gryphon Aviary
29:56 Gryphon Aviary
29:57 Gryphon Aviary
29:57 Gryphon Aviary
29:58 Gryphon Aviary
30:00 Gryphon Aviary
30:05 Farm
30:10 Farm
30:10 Farm
31:11 Barracks
» items
| Staff of Teleportation | 1 | |
| Lesser Clarity Potion | 9 | |
| Healing Salve | 5 | |
| Dust of Appearance | 1 | |
| Tiny Great Hall | 5 | |
| Potion of Invisibility | 1 | |
| Scroll of Town Portal | 4 | |
| Orb of Lightning | 1 | |
| Ivory Tower | 7 | |
| Staff of Sanctuary | 1 | |
35 total

»
DiRtYLUnChBoX (
teal | 40 APM | 1644 actions | 40:49)
6 Death Knight
3 Death Coil
2 Unholy Aura
1 Animate Dead
4 Lich
2 Frost Nova
2 Frost Armor
» actions
| Assign group hotkey | 36 | |
| Basic commands | 98 | |
| Build / train | 98 | |
| Enter build submenu | 27 | |
| Enter hero's abilities submenu | 10 | |
| Give item / drop item | 1 | |
| Remove unit from queue | 1 | |
| Right click | 938 | |
| Select / deselect | 331 | |
| Select group hotkey | 30 | |
| Use ability | 73 | |
1644 total
» units
| Acolyte | 10 | |
| Ghoul | 10 | |
| Crypt Fiend | 5 | |
| Frost Wyrm | 3 | |
| Gargoyle | 33 | |
| Meatwagon | 3 | |
64 total
» upgrades
| Web | 1 | |
| Creature Carapace | 3 | |
| Creature Attack | 3 | |
| Unholy Strength | 2 | |
9 total
» buildings
| Crypt | 4 | |
| Ziggurat | 12 | |
| Altar of Darkness | 1 | |
| Graveyard | 1 | |
| Halls of the Dead | 1 | |
| Tomb of Relics | 1 | |
| Nerubian Tower | 1 | |
| Black Citadel | 1 | |
| Sacrificial Pit | 1 | |
| Boneyard | 1 | |
| Necropolis | 1 | |
| Spirit Tower | 3 | |
| Slaughterhouse | 2 | |
30 total
» build order
00:13 Crypt
00:18 Ziggurat
00:44 Altar of Darkness
00:59 Graveyard
02:21 Halls of the Dead
02:40 Ziggurat
02:50 Tomb of Relics
03:11 Crypt
03:33 Nerubian Tower
04:17 Ziggurat
05:30 Black Citadel
05:53 Sacrificial Pit
08:03 Boneyard
08:09 Ziggurat
10:34 Ziggurat
10:38 Ziggurat
14:05 Ziggurat
16:50 Crypt
16:58 Crypt
22:13 Ziggurat
22:16 Ziggurat
23:31 Necropolis
29:25 Spirit Tower
30:41 Ziggurat
30:44 Ziggurat
30:48 Ziggurat
31:25 Spirit Tower
31:38 Spirit Tower
35:28 Slaughterhouse
35:32 Slaughterhouse
» items
| Rod of Necromancy | 2 | |
| Orb of Corruption | 1 | |
| Dust of Appearance | 1 | |
| Scroll of Town Portal | 1 | |
5 total
kasabian11 (
orange | 64 APM | 3197 actions | 49:58)
8 Lich
3 Frost Nova
3 Frost Armor
1 Death and Decay
1 Dark Ritual
3 Dreadlord
2 Vampiric Aura
1 Sleep
» actions
| Assign group hotkey | 54 | |
| Basic commands | 144 | |
| Build / train | 93 | |
| Enter build submenu | 32 | |
| Enter hero's abilities submenu | 12 | |
| Give item / drop item | 3 | |
| Remove unit from queue | 2 | |
| Right click | 1328 | |
| Select / deselect | 700 | |
| Select group hotkey | 720 | |
| Use ability | 107 | |
3197 total
» units
| Acolyte | 8 | |
| Ghoul | 8 | |
| Obsidian Statue | 8 | |
| Abomination | 25 | |
| Goblin Zeppelin | 1 | |
| Meatwagon | 3 | |
53 total
» upgrades
| Unholy Strength | 3 | |
| Unholy Armor | 3 | |
| Disease Cloud | 1 | |
| Destroyer Form | 1 | |
8 total
» buildings
| Crypt | 1 | |
| Altar of Darkness | 1 | |
| Ziggurat | 18 | |
| Tomb of Relics | 1 | |
| Nerubian Tower | 2 | |
| Halls of the Dead | 2 | |
| Graveyard | 1 | |
| Black Citadel | 2 | |
| Slaughterhouse | 3 | |
| Spirit Tower | 5 | |
| Necropolis | 1 | |
37 total
» build order
00:08 Crypt
00:11 Altar of Darkness
00:30 Ziggurat
01:02 Ziggurat
01:51 Tomb of Relics
02:35 Nerubian Tower
03:02 Halls of the Dead
03:56 Graveyard
04:29 Ziggurat
05:36 Black Citadel
06:30 Slaughterhouse
06:32 Slaughterhouse
06:39 Ziggurat
08:09 Ziggurat
08:45 Slaughterhouse
10:16 Ziggurat
11:31 Ziggurat
11:34 Ziggurat
14:09 Ziggurat
14:57 Ziggurat
15:00 Nerubian Tower
15:34 Spirit Tower
15:35 Spirit Tower
15:37 Ziggurat
16:48 Spirit Tower
16:57 Spirit Tower
16:59 Ziggurat
17:04 Ziggurat
17:40 Ziggurat
36:05 Ziggurat
37:02 Ziggurat
38:48 Ziggurat
38:49 Ziggurat
43:46 Necropolis
45:47 Halls of the Dead
49:54 Black Citadel
» items
| Rod of Necromancy | 1 | |
| Scroll of Town Portal | 3 | |
| Potion of Mana | 1 | |
| Dust of Appearance | 1 | |
6 total
team 2 (loser)

»
iceman6709 (
pink | 51 APM | 2537 actions | 49:35)
7 Blademaster
3 Wind Walk
3 Critical Strike
1 Bladestorm
4 Shadow Hunter
2 Hex
2 Healing Wave
2 Tauren Chieftain
1 Endurance Aura
1 War Stomp
» actions
| Assign group hotkey | 55 | |
| Basic commands | 22 | |
| Build / train | 103 | |
| ESC pressed | 2 | |
| Enter build submenu | 46 | |
| Enter hero's abilities submenu | 13 | |
| Give item / drop item | 6 | |
| Remove unit from queue | 1 | |
| Right click | 550 | |
| Select / deselect | 587 | |
| Select group hotkey | 972 | |
| Use ability | 180 | |
2537 total
» units
| Peon | 12 | |
| Wind Rider | 17 | |
| Goblin Zeppelin | 3 | |
| Demolisher | 2 | |
| Kodo Beast | 1 | |
| Troll Batrider | 22 | |
| Blue Dragon | 1 | |
| Troll Witch Doctor | 1 | |
59 total
» upgrades
| Ranged Weapons | 3 | |
| Armor | 2 | |
| Envenomed Spears | 1 | |
| Liquid Fire | 1 | |
| Reinforced Defenses | 2 | |
| War Drums Damage Increase | 1 | |
10 total
» buildings
| Orc Burrow | 9 | |
| Altar of Storms | 1 | |
| War Mill | 1 | |
| Voodoo Lounge | 1 | |
| Watch Tower | 26 | |
| Stronghold | 1 | |
| Beastiary | 3 | |
| Great Hall | 3 | |
| Fortress | 1 | |
| Barracks | 1 | |
47 total
» build order
00:13 Orc Burrow
00:17 Altar of Storms
00:52 War Mill
01:08 Voodoo Lounge
02:08 Watch Tower
03:21 Stronghold
03:47 Watch Tower
03:53 Orc Burrow
04:11 Orc Burrow
05:51 Beastiary
05:56 Beastiary
06:12 Watch Tower
06:13 Watch Tower
07:48 Orc Burrow
11:16 Great Hall
11:19 Watch Tower
11:20 Watch Tower
11:30 Watch Tower
11:31 Watch Tower
11:56 Watch Tower
11:58 Watch Tower
12:03 Watch Tower
12:04 Watch Tower
12:26 Watch Tower
12:27 Watch Tower
12:42 Watch Tower
12:43 Watch Tower
13:35 Watch Tower
13:37 Watch Tower
14:23 Fortress
17:11 Orc Burrow
17:13 Orc Burrow
19:07 Barracks
20:20 Orc Burrow
20:33 Orc Burrow
21:39 Orc Burrow
24:45 Beastiary
28:15 Great Hall
28:19 Watch Tower
28:20 Watch Tower
28:21 Watch Tower
28:22 Watch Tower
29:23 Watch Tower
29:27 Watch Tower
29:29 Watch Tower
29:43 Watch Tower
36:56 Great Hall
» items
| Healing Salve | 4 | |
| Boots of Speed | 1 | |
| Staff of Teleportation | 1 | |
| Lesser Clarity Potion | 4 | |
| Orb of Lightning | 2 | |
| Scroll of Town Portal | 2 | |
14 total
Ransacked (
blue | 51 APM | 2524 actions | 49:50)
6 Death Knight
2 Unholy Aura
3 Death Coil
1 Animate Dead
6 Crypt Lord
1 Carrion Beetles
1 Spiked Carapace
3 Impale
1 Locust Swarm
6 Firelord
3 Summon Lava Spawn
2 Soul Burn
1 Volcano
» actions
| Assign group hotkey | 43 | |
| Basic commands | 135 | |
| Build / train | 75 | |
| Enter build submenu | 20 | |
| Enter hero's abilities submenu | 19 | |
| Give item / drop item | 4 | |
| Right click | 1314 | |
| Select / deselect | 690 | |
| Select group hotkey | 115 | |
| Use ability | 108 | |
2524 total
» units
| Acolyte | 12 | |
| Ghoul | 4 | |
| Frost Wyrm | 18 | |
| Blue Dragon | 1 | |
| Goblin Zeppelin | 1 | |
36 total
» upgrades
| Creature Attack | 3 | |
| Freezing Breath | 1 | |
| Creature Carapace | 2 | |
6 total
» buildings
| Crypt | 1 | |
| Ziggurat | 12 | |
| Halls of the Dead | 1 | |
| Altar of Darkness | 1 | |
| Graveyard | 1 | |
| Tomb of Relics | 1 | |
| Black Citadel | 1 | |
| Sacrificial Pit | 1 | |
| Boneyard | 2 | |
| Nerubian Tower | 3 | |
| Spirit Tower | 4 | |
28 total
» build order
00:07 Crypt
00:10 Ziggurat
02:01 Halls of the Dead
02:20 Altar of Darkness
02:35 Ziggurat
02:57 Graveyard
03:48 Tomb of Relics
03:53 Ziggurat
04:22 Black Citadel
05:05 Sacrificial Pit
07:06 Boneyard
07:09 Boneyard
07:42 Ziggurat
08:35 Ziggurat
09:37 Ziggurat
10:27 Ziggurat
10:29 Ziggurat
10:30 Ziggurat
11:31 Nerubian Tower
11:32 Spirit Tower
11:33 Spirit Tower
13:58 Ziggurat
13:59 Ziggurat
14:14 Spirit Tower
14:15 Nerubian Tower
14:58 Spirit Tower
15:00 Nerubian Tower
22:14 Ziggurat
» items
LiquidKushh (
yellow | 39 APM | 1957 actions | 49:57)
6 Blademaster
3 Critical Strike
1 Mirror Image
1 Wind Walk
1 Bladestorm
» actions
| Assign group hotkey | 2 | |
| Basic commands | 1 | |
| Build / train | 120 | |
| Enter build submenu | 52 | |
| Enter hero's abilities submenu | 6 | |
| Give item / drop item | 7 | |
| Remove unit from queue | 29 | |
| Right click | 993 | |
| Select / deselect | 605 | |
| Select group hotkey | 26 | |
| Use ability | 115 | |
1957 total
» units
| Peon | 25 | |
| Troll Headhunter/Berserker | 4 | |
| Wind Rider | 26 | |
| Goblin Shredder | 1 | |
| Goblin Zeppelin | 2 | |
| Kodo Beast | 2 | |
| Troll Batrider | 2 | |
62 total
» upgrades
| Ranged Weapons | 3 | |
| Armor | 4 | |
| Envenomed Spears | 1 | |
| War Drums Damage Increase | 1 | |
| Reinforced Defenses | 1 | |
| Spiked Barricades | 2 | |
12 total
» buildings
| Orc Burrow | 8 | |
| War Mill | 1 | |
| Altar of Storms | 1 | |
| Barracks | 1 | |
| Stronghold | 2 | |
| Voodoo Lounge | 1 | |
| Great Hall | 7 | |
| Beastiary | 2 | |
| Fortress | 1 | |
| Watch Tower | 24 | |
48 total
» build order
00:22 Orc Burrow
00:36 War Mill
01:05 Altar of Storms
01:21 Barracks
01:36 Orc Burrow
02:44 Stronghold
04:15 Voodoo Lounge
04:57 Great Hall
05:23 Beastiary
05:26 Beastiary
06:26 Fortress
07:19 Great Hall
08:04 Orc Burrow
10:35 Great Hall
13:01 Great Hall
13:49 Orc Burrow
14:08 Orc Burrow
15:01 Orc Burrow
15:45 Orc Burrow
17:03 Orc Burrow
21:46 Watch Tower
21:48 Watch Tower
23:30 Watch Tower
23:34 Watch Tower
25:13 Watch Tower
25:18 Watch Tower
26:22 Watch Tower
26:25 Watch Tower
27:28 Watch Tower
27:30 Watch Tower
29:58 Watch Tower
30:00 Watch Tower
32:07 Watch Tower
32:09 Watch Tower
33:33 Watch Tower
33:35 Watch Tower
34:54 Watch Tower
34:57 Watch Tower
37:02 Watch Tower
37:26 Watch Tower
37:29 Watch Tower
38:13 Watch Tower
39:04 Watch Tower
39:08 Watch Tower
41:31 Great Hall
44:12 Great Hall
49:15 Great Hall
» items
| Healing Salve | 4 | |
| Orb of Lightning | 1 | |
| Boots of Speed | 1 | |
| Scroll of Town Portal | 1 | |
7 total
s0ulhack3r (
red | 28 APM | 1280 actions | 45:17)
6 Blademaster
2 Wind Walk
2 Critical Strike
1 Mirror Image
1 Bladestorm
» actions
| Build / train | 75 | |
| Enter build submenu | 43 | |
| Enter hero's abilities submenu | 6 | |
| Give item / drop item | 1 | |
| Right click | 655 | |
| Select / deselect | 408 | |
| Use ability | 92 | |
1280 total
» units
| Peon | 18 | |
| Shaman | 7 | |
| Tauren | 13 | |
| Troll Witch Doctor | 5 | |
| Goblin Zeppelin | 2 | |
45 total
» upgrades
| Armor | 3 | |
| Melee Weapons | 3 | |
| Shaman Training | 2 | |
| Spiked Barricades | 3 | |
| Ranged Weapons | 3 | |
| Pulverize | 1 | |
| Reinforced Defenses | 1 | |
| Witch Doctor Training | 2 | |
18 total
» buildings
| War Mill | 1 | |
| Orc Burrow | 8 | |
| Altar of Storms | 1 | |
| Watch Tower | 24 | |
| Voodoo Lounge | 1 | |
| Stronghold | 1 | |
| Great Hall | 1 | |
| Spirit Lodge | 2 | |
| Fortress | 1 | |
| Tauren Totem | 2 | |
42 total
» build order
00:12 War Mill
00:40 Orc Burrow
00:55 Altar of Storms
01:26 Watch Tower
02:05 Watch Tower
02:21 Orc Burrow
02:45 Watch Tower
03:09 Watch Tower
03:41 Watch Tower
04:05 Voodoo Lounge
04:54 Stronghold
04:58 Orc Burrow
05:55 Great Hall
06:02 Watch Tower
06:07 Orc Burrow
06:59 Watch Tower
07:22 Spirit Lodge
07:51 Orc Burrow
08:09 Watch Tower
08:24 Fortress
09:20 Watch Tower
09:26 Orc Burrow
09:46 Spirit Lodge
10:34 Orc Burrow
10:38 Watch Tower
10:53 Watch Tower
11:00 Watch Tower
11:07 Watch Tower
11:41 Watch Tower
11:45 Watch Tower
11:55 Tauren Totem
13:20 Tauren Totem
14:03 Watch Tower
15:34 Watch Tower
17:08 Watch Tower
19:12 Watch Tower
22:13 Orc Burrow
27:37 Watch Tower
34:01 Watch Tower
34:06 Watch Tower
34:14 Watch Tower
39:39 Watch Tower
» items
| Healing Salve | 1 | |
| Lesser Clarity Potion | 1 | |
| Scroll of Town Portal | 1 | |
3 total
Chat log
(00:11 / Allies) Sugu]: bats cuz of noob orcs
(00:22 / Allies) sc2no.wc4yes: powering yokes
(00:32 / Allies) Sugu]: LOL Purple Tower The Map Again
(00:41 / Allies) Sugu]: Remember Last Time?
(00:47 / Allies) sc2no.wc4yes: i do that every time i get human on this map
(00:58 / Allies) Sugu]: Ahhh
(01:02 / Allies) Sugu]: It Was Funny
(01:12 / Allies) Sugu]: They Didnt Even Push With Seige
(01:17 / Allies) Sugu]: I Had Too Muchh Fun
(01:17 / Allies) sc2no.wc4yes: whats up with the caps
(01:19 / Allies) sc2no.wc4yes: i ahve to ask
(01:37 / Allies) Sugu]: Ummm Kinda Long Story
(01:47 / Allies) DiRtYLUnChBoX: we are in a 4s rt
(01:48 / Allies) sc2no.wc4yes: you sure its not just a tall tale?
(01:49 / Allies) Sugu]: Makes Me Unique Though
(02:17 / Allies) sc2no.wc4yes: 300% chance of bm
(02:32 / Allies) DiRtYLUnChBoX: how many of them are orc?
(02:39 / Allies) sc2no.wc4yes: 3
(02:43 / Allies) DiRtYLUnChBoX: oh wow
(03:08 / Allies) Sugu]: meh ill be rdy for theyre stupid bm and wyvs
(03:22 / Allies) DiRtYLUnChBoX: well, im massing gargs
(03:27 / Allies) sc2no.wc4yes: thats a good counter to bats
(03:30 / Allies) Sugu]: dont get gargs you moron
(03:33 / Allies) sc2no.wc4yes: lol
(03:50 / Allies) Sugu]: god some people purple i swear,,,
(04:02 / Allies) Sugu]: teal get like 6-7 fiends and the rest wyrms
(04:02 / Allies) DiRtYLUnChBoX: GARGS>BATS
(04:10 / Allies) Sugu]: and upgrade the armor
(04:30 / Allies) Sugu]: like that shop? ;)
(04:45 / Allies) Sugu]: We Be Killin It! (8)
(06:12 / Allies) sc2no.wc4yes: i will never udnerstand people who creep grene spots
(06:15 / Allies) sc2no.wc4yes: do they realize its worht 40 xp
(06:29 / Allies) Sugu]: i do cuz its fast items and level 2
(08:52 / Allies) Sugu]: get sanctum
(08:57 / Allies) Sugu]: for eyes on towers
(10:01 / Allies) sc2no.wc4yes: oen of these days ill have enough lumber to bail paw outta jail
(10:21 / Allies) sc2no.wc4yes: thx
(12:12 / Allies) sc2no.wc4yes: u guys should expo the upstairs
(12:25 / Allies) sc2no.wc4yes: thers certainly a lot of air for you to bat
(12:39 / Allies) DiRtYLUnChBoX: see i should of massed gargs
(12:40 / Allies) Sugu]: ill do it
(12:49 / Allies) DiRtYLUnChBoX: hang in orange im coming
(12:52 / Allies) Sugu]: i ahve no expo though
(13:36 / All) Sugu]: wow wtf
(13:40 / All) LiquidKushh: back the fuck up
(13:50 / All) Sugu]: shutup scrub
(13:57 / All) LiquidKushh: lol who just died?
(14:09 / All) Sugu]: almost everything
(14:11 / All) Sugu]: for YOU
(14:20 / All) LiquidKushh: word faggot
(14:25 / All) sc2no.wc4yes: damn this guy has the reflexes of a fox
(14:44 / Allies) Sugu]: purple feed me
(16:25 / Allies) Sugu]: purple plz feed me im the only one who dun have expo
(16:33 / Allies) sc2no.wc4yes: that goes against my code
(16:40 / Allies) Sugu]: k
(16:53 / Allies) sc2no.wc4yes: best i can do is buy a quick hall for u
(17:00 / Allies) Sugu]: naw
(17:02 / Allies) Sugu]: its cool
(17:24 / Allies) sc2no.wc4yes: wyvs on follow mode
(17:28 / Allies) sc2no.wc4yes: 4 bats would wipe them out liek that
(17:58 / Allies) sc2no.wc4yes: ok ill give you a 2000 gold grant, but you have to get 5 beastiaries not 2
(18:00 / Allies) sc2no.wc4yes: and 5 more burrows
(18:17 / Allies) sc2no.wc4yes: at least web them
(19:13 / All) LiquidKushh: LOL
(19:18 / All) LiquidKushh: FucKIng BaD KID!
(19:25 / All) Sugu]: 1v1>
(19:30 / All) Sugu]: i have 3 sec delay
(19:37 / All) LiquidKushh: word your bad..
(19:48 / Allies) sc2no.wc4yes: share control
(19:51 / Allies) sc2no.wc4yes: and ill take 4 of yoru bats
(19:56 / Allies) sc2no.wc4yes: and end that follow mode guys follow mdoe days
(20:09 / Allies) Sugu]: naw fuck that nigga
(20:13 / Allies) Sugu]: its personal now
(20:21 / All) LiquidKushh: you like?
(20:55 / Allies) sc2no.wc4yes: i think they are winning this skirmish
(21:30 / Allies) Sugu]: OJ NO MORE ABOS
(21:32 / Allies) Sugu]: FIENDS WYRMS
(21:43 / Allies) sc2no.wc4yes: hes like me
(21:45 / Allies) sc2no.wc4yes: he ahs a code
(21:49 / Allies) sc2no.wc4yes: ffs gimme 4 bats
(24:01 / Allies) sc2no.wc4yes: target hte air
(24:04 / Allies) sc2no.wc4yes: with your gargoyles
(24:53 / Allies) sc2no.wc4yes: those are not siege bro
(24:55 / Allies) sc2no.wc4yes: they are melee
(27:28 / Allies) sc2no.wc4yes: lol
(27:50 / Allies) sc2no.wc4yes: nice
(28:09 / Allies) Sugu]: i told you
(28:13 / Allies) Sugu]: shits personal
(28:19 / Allies) Sugu]: no one calls me trash
(29:04 / Allies) sc2no.wc4yes: yes
(29:06 / Allies) sc2no.wc4yes: attack them with gargs
(29:08 / Allies) sc2no.wc4yes: iw ant to see that
(32:31 / Allies) sc2no.wc4yes: time to dip into my savings
(32:38 / Allies) DiRtYLUnChBoX: lol
(32:41 / Allies) Sugu]: LOL
(32:44 / Allies) Sugu]: Sooooo Muchh
(34:04 / All) Sugu]: NICE ONE FAGGOT
(34:12 / All) Sugu]: Yellow You Won Right?
(34:21 / Allies) sc2no.wc4yes: LOl
(34:28 / All) LiquidKushh: huh wtf are you talking about?
(34:29 / Allies) sc2no.wc4yes: thats a team craft catchphrase
(34:38 / Allies) Sugu]: Hahaha
(34:50 / Allies) DiRtYLUnChBoX: tanks purple?!
(34:52 / Allies) Sugu]: Thats A Piss Me Off I Fuck You Up Catchphrase
(35:11 / All) sc2no.wc4yes: flee coward
(35:21 / Allies) Sugu]: yo purple
(35:22 / All) Ransacked: whos the one with mass towers?
(35:25 / Allies) Sugu]: toss me 2g's
(35:32 / All) LiquidKushh: yeah your fuckin terrible
(35:35 / All) Sugu]: the winning team?
(35:36 / All) LiquidKushh: as if we can get zepp1
(35:37 / All) Sugu]: are you slow?
(35:39 / All) Sugu]: LOL
(35:50 / All) Ransacked: luls
(35:56 / All) Sugu]: i can tell this kid passed hs
(36:00 / All) Sugu]: nawttt...
(36:01 / All) Sugu]: LOL
(36:12 / Allies) kasabian11: gold plz purple
(36:18 / All) LiquidKushh: lol i graduated a year early but thank you
(36:20 / All) Ransacked: if no one does any thing then no one wins clearly
(36:34 / Allies) sc2no.wc4yes: it is kinda troublesome that they expod way later than us
(36:40 / Allies) sc2no.wc4yes: tghose shoudl be our priority targets
(36:42 / Allies) sc2no.wc4yes: not the tower masses
(36:44 / Allies) kasabian11: purp gold me plz
(36:53 / Allies) sc2no.wc4yes: ive got no income
(36:56 / Allies) sc2no.wc4yes: uc ant live off ur capital
(37:04 / Allies) Sugu]: i just wrecked pinks sh
(37:06 / Allies) Sugu]: rofl
(37:43 / All) iceman6709: heal wards red
(37:59 / Allies) sc2no.wc4yes: what do you think yorue going to dow ith those aboms
(38:00 / Allies) sc2no.wc4yes: god
(40:50 / Allies) sc2no.wc4yes: dotn go near those towers
(40:55 / Allies) sc2no.wc4yes: nice
(40:59 / Allies) Sugu]: duh
(41:01 / Allies) sc2no.wc4yes: he was just aching to suicide
(41:03 / Allies) sc2no.wc4yes: glad he left instead
(41:04 / Allies) Sugu]: he was horrid
(41:15 / Allies) sc2no.wc4yes: now we just have abom boy to worry about
(41:19 / Allies) sc2no.wc4yes: every time i do this
(41:21 / Allies) sc2no.wc4yes: soemoen goes taurens
(41:23 / Allies) sc2no.wc4yes: or raiders
(41:26 / Allies) sc2no.wc4yes: and tthey sit there all game
(41:31 / Allies) sc2no.wc4yes: completely at a loss
(41:39 / Allies) sc2no.wc4yes: as to why thheir army istn kicking ass
(43:37 / Allies) Sugu]: gimme a shade
(43:46 / Allies) Sugu]: nvm im making 1
(45:10 / All) Sugu]: ROFL
(45:12 / All) sc2no.wc4yes: so you give up yet?
(45:14 / All) Sugu]: GOODJOB
(45:24 / All) Sugu]: GUESS SO
(45:42 / All) Sugu]: purple they dont get how good we are as a tema
(45:44 / All) LiquidKushh: green wtf have you done that helped yourteam in anyway your fucking bad commit suicide swaalow a razor blade:) have a nice day
(45:50 / All) sc2no.wc4yes: nice essay
(45:54 / All) LiquidKushh: yourrrr bad lol
(45:54 / All) sc2no.wc4yes: gonna print that out and turn it in
(45:58 / All) sc2no.wc4yes: you djust did my hw for me
(45:59 / All) LiquidKushh: purp did work
(46:00 / All) Sugu]: too bad i killed you
(46:04 / All) LiquidKushh: green otherwise your shit
(46:08 / All) Sugu]: LOL!
(46:12 / All) sc2no.wc4yes: watch unit kills in final score
(46:13 / All) Sugu]: You Mad?
(46:14 / All) LiquidKushh: word purp your sick
(46:15 / All) sc2no.wc4yes: that will tell the truth
(46:18 / All) LiquidKushh: WORD BRO
(46:28 / All) LiquidKushh: I WISH I WAS AS SICK AS YOU DUDE JUST SAYIN
(46:47 / All) sc2no.wc4yes: how much gold does your team have total
(46:48 / Allies) Sugu]: dont make the wagons follow me oj
(46:53 / All) sc2no.wc4yes: all reserves and mines
(47:02 / All) sc2no.wc4yes: we have about 10k
(47:07 / All) LiquidKushh: LOL
(47:09 / Allies) Sugu]: OJ TAKE THEM OFF
(47:15 / All) LiquidKushh: have fun
(47:30 / Allies) Sugu]: k im killing them then
(48:19 / All) Sugu]: HERO DOWNNN
(49:00 / All) Sugu]: HERO DOWN
(49:04 / All) LiquidKushh: OH No
(49:07 / Allies) sc2no.wc4yes: need bats
(49:08 / All) LiquidKushh: not my hero!
(49:20 / All) Sugu]: Wanna go for more faggot?
(49:32 / All) sc2no.wc4yes: sup
(49:44 / All) Ransacked: nice zbolt
(49:45 / All) LiquidKushh: your mother was saying the same thing to me?
(49:45 / All) sc2no.wc4yes: 5.6 k
(49:47 / All) LiquidKushh: why?
(49:47 / All) sc2no.wc4yes: 99 food
(49:49 / All) Ransacked: gg